Match 45215321
Unlisted

Match 45215321
End
Construct Barracks
Riflemen Squad
Riflemen Squad
M1 Mortar Team
Riflemen Squad
Grenade Package
Selects Heavy Weapons
Construct Weapon Support Center
Mechanized Support Center
Selects Assault Carriers
Construct Medical Station
M3 Assault Carrier
Selects Exchangeable Parts
Designate Forward Repair Station
Bazooka Squad
Construct Tank Depot
Bazooka Squad
Bazooka Squad
M1 Mortar Team
M18 Hellcat Tank Destroyer
Riflemen Squad
Designate Forward Repair Station
King_Bird
Chuef
Karung_Vtuber
J
BES2
Wehearvoices
优势
Beary bear
0
0

Comments sign in to comment!

No comments posted yet!